 Dungeon Crawl Stone Soup version 0.31-a0-219-g8d62b2e7bb (webtiles) character file.

Game seed: 2891747281238569477

28428 bobo the Thaumaturge (level 13, -3/83 HPs)
             Began as a Deep Elf Air Elementalist on July 3, 2023.
             Was an Elder of Sif Muna.
             Slain by a minotaur
             ... wielding a +2 mace of protection
              (5 damage)
             ... in a Gauntlet on July 4, 2023.
             The game lasted 01:07:09 (17793 turns).

bobo the Thaumaturge (Deep Elf Air Elementalist)   Turns: 17793, Time: 01:07:09

Health: -3/83      AC: 11    Str:  9    XL:     13   Next: 9%
Magic:  14/31      EV: 15    Int: 39    God:    Sif Muna [****..]
Gold:   446        SH:  0    Dex: 21    Spells: 9/36 levels left

rFire   . . .        t - staff of conjuration
rCold   + . .        (no shield)
rNeg    . . .        L - +1 steam dragon scales
rPois   +            j - +0 helmet
rElec   +            g - +0 cloak
rCorr   .            E - +2 pair of gloves
SInv    +            (no boots)
Will    +....        w - amulet "Zekuteg" {Faith Str+4 Int+3 Dex+3 SInv}
Stlth   +++          N - ring "Afrareru" {rF+ Int+5 Dex+3}
HPRegen 0.33/turn    f - ring "Jeaham" {Ice rElec rPois Int+5}
MPRegen 0.22/turn

%: no teleportation, faith
@: no status effects
A: no striking features
a: Renounce Religion, Channel Magic, Forget Spell, Divine Exegesis


You were in a Gauntlet.
You worshipped Sif Muna.
Sif Muna was greatly pleased with you.
You visited 3 branches of the dungeon, and saw 15 of its levels.
You also visited: Ossuary and Gauntlet.

You collected 822 gold pieces.
You spent 376 gold pieces at shops.

Inventory:

Armour
 g - a +0 cloak (worn)
 j - a +0 helmet (worn)
 E - a +2 pair of gloves (worn)
 K - a +0 troll leather armour
 L - +1 steam dragon scales (worn)
Magical Staves
 t - a staff of conjuration (weapon)
Jewellery
 f - the ring "Jeaham" (right hand) {Ice rElec rPois Int+5}
   (You found it in a Gauntlet)

   [ring of ice]

   It enhances your ice magic.
   Int:       It affects your intelligence (+5).
   rF:        It makes you vulnerable to fire.
   rC:        It protects you from cold.
   rElec:     It insulates you from electricity.
   rPois:     It protects you from poison.
 r - a ring of flight
 w - the amulet "Zekuteg" (around neck) {Faith Str+4 Int+3 Dex+3 SInv}
   (You found it on level 4 of the Dungeon)

   [amulet of faith]

   It allows you to gain divine favour quickly.
   Str:       It affects your strength (+4).
   Int:       It affects your intelligence (+3).
   Dex:       It affects your dexterity (+3).
   SInv:      It lets you see invisible.
 G - a ring of resist corrosion
 N - the ring "Afrareru" (left hand) {rF+ Int+5 Dex+3}
   (You found it in a Gauntlet)

   [ring of protection from fire]

   Int:       It affects your intelligence (+5).
   Dex:       It affects your dexterity (+3).
   rF:        It protects you from fire.
Wands
 c - a wand of paralysis (10)
 H - a wand of polymorph (2)
 I - a wand of flame (3)
Scrolls
 d - 2 scrolls of enchant armour
 i - a scroll of butterflies {unknown}
 k - a scroll of immolation {unknown}
 l - 9 scrolls of teleportation
 n - 4 scrolls of poison
 p - 3 scrolls of torment
 s - 2 scrolls of brand weapon
 u - 4 scrolls of enchant weapon
 v - 2 scrolls of vulnerability {unknown}
 y - 2 scrolls of silence {unknown}
 z - 4 scrolls of revelation
 A - a scroll of noise {unknown}
 F - 2 scrolls of blinking
 J - a scroll of fog {unknown}
Potions
 a - a potion of brilliance
 b - 3 potions of magic
 e - 8 potions of heal wounds
 h - 10 potions of curing
 m - 4 potions of attraction
 o - a potion of lignification
 q - 3 potions of enlightenment
 x - 2 potions of ambrosia
 B - 2 potions of haste
 C - 3 potions of cancellation
 D - 2 potions of invisibility {unknown}
 M - a potion of might {unknown}


   Skills:
 + Level 10.4 Fighting
 - Level 1.1 Staves
 - Level 4.9 Dodging
 - Level 4.0 Stealth
 - Level 12.0 Spellcasting
 - Level 6.6 Conjurations
 - Level 5.0 Hexes
 - Level 4.3 Translocations
 + Level 7.8 Air Magic
 + Level 8.0 Earth Magic
 - Level 4.1 Poison Magic
 - Level 9.0 Invocations


You had 9 spell levels left.
You knew the following spells:

 Your Spells              Type           Power      Damage    Failure   Level
a - Shock                 Conj/Air       100%       1d9       1%          1
b - Iskenderun's Mystic   Conj/Tloc      78%        2d16      1%          4
d - Lee's Rapid Deconstr  Erth           36%        3d18*     1%          5
f - Fulminant Prism       Conj/Hex       40%        3d19      1%          4
o - Olgreb's Toxic Radia  Pois           54%        N/A       2%          4
r - Swiftness             Air            71%        N/A       1%          3
z - Airstrike             Air            35%        2d(6-22)  1%          4
Z - Blink                 Tloc           100%       N/A       1%          2

Your spell library contained the following spells:

 Spells                   Type           Power      Damage    Failure   Level
 Apportation              Tloc           100%       N/A       1%          1
 Necrotise                Necr           92%        1d8       1%          1
 Sting                    Tmut/Pois      100%       1d8       1%          1
 Summon Small Mammal      Summ           92%        N/A       1%          1
 Lesser Beckoning         Tloc           100%       N/A       1%          2
 Momentum Strike          Conj/Tloc      100%       3d10      1%          2
 Poisonous Vapours        Pois/Air       100%       N/A       1%          2
 Static Discharge         Conj/Air       100%       2-7/arc   1%          2
 Volatile Blastmotes      Fire/Tloc      80%        2d16      1%          3


Dungeon Overview and Level Annotations

Branches:
Dungeon (11/15)            Temple (1/1) D:4            Lair (3/5) D:11
  Swamp (0/4) Lair:3       Spider (0/4) Lair:2          Orc (0/2) D:10
Ossuary (visited)         Gauntlet (1/1)

Altars:
Ashenzari
Cheibriados
Dithmenos
Elyvilon
Fedhas
Gozag
Hepliaklqana
Kikubaaqudgha
Makhleb
Nemelex Xobeh
Okawaru
Qazlal
Ru
Sif Muna
Trog
Uskayaw
Vehumet
Wu Jian
Xom
Yredelemnul
Zin
The Shining One

Shops:
D:1 [   D:3 [   D:5 =   D:7 =?[   D:8 =*:?!

Portals:
Trove: D:11 (give 4 potions of resistance)

Annotations:
D:7 3 runed translucent doors, GoodGuyCap's ghost, novice DsMo
D:8 3 runed translucent doors, Moral's ghost, novice MiMo
D:9 1 runed translucent door, gelatine's ghost, journeyman DsCj
D:10 grate
D:11 vault 4 res Gauntlet 8 transporters, 2 runed translucent doors


Message History

Magic restored.
You enter the transporter and appear at another place.
You open the door.
A minotaur comes into view.
It is wielding a +2 mace of protection and quivering silver javelins.
Found a curved lead wand.
Found a gate leading back out of this place.
Casting: Shock (safe; 1% risk of failure)
Confirm with . or Enter, or press ? or * to list all spells.
Aiming: Lee's Rapid Deconstruction (dangerous; 1% risk of failure)
Press: ? - help, Dir - move target A metal wall.
The metal wall shatters!
The blast of metal fragments hits the minotaur.
The minotaur is lightly wounded.
Casting: Lee's Rapid Deconstruction (dangerous; 1% risk of failure)
Confirm with . or Enter, or press ? or * to list all spells.
Aiming: Lee's Rapid Deconstruction (dangerous; 1% risk of failure)
Press: ? - help, Dir - move target A metal wall.
The metal wall shatters!
The blast of metal fragments hits the minotaur!
The minotaur is moderately wounded.
The minotaur hits you with a +2 mace of protection!!
The minotaur gores you.
Casting: Lee's Rapid Deconstruction (dangerous; 1% risk of failure)
Confirm with . or Enter, or press ? or * to list all spells.
You feel a surge of power!
You erupt in a blast of force!
The mystic blast hits the minotaur but does no damage.
The minotaur is moderately wounded.
The minotaur hits you with a +2 mace of protection!
The minotaur gores you but does no damage.
Casting: Iskenderun's Mystic Blast (dangerous; 1% risk of failure)
Confirm with . or Enter, or press ? or * to list all spells.
You feel a surge of power!
You erupt in a blast of force!
The mystic blast hits the minotaur but does no damage.
The minotaur is moderately wounded.
The minotaur hits you with a +2 mace of protection!!
* * * LOW HITPOINT WARNING * * *
The minotaur gores you.
You die...

########...≈# ...........#
########
..8.....8.####.##...#
..........≈##..##.#.#
#######...##......#.#
......#...#....##.#.# #
...#.[#...#.8©.##...# ⌠.#
..###.#...#....##H#.##∩...#
.#©#.©#.8.#.8©..@.#.H....⌠+
###...#...#....##.#.##.⌠..#
.#....#...#.8©.##...# +###
......#...#....##.#.#
#######...##......#.#
..........≈##..##.#.#
..8.....8.####.##...#
..........§# ### ####
########...≈#


You could see a minotaur.

Vanquished Creatures
  2 hydras (Lair:2)
  A catoblepas (Lair:3)
  2 two-headed ogres
  Sonja (D:11)
  A skyshark (Lair:2)
  4 black mambas (Lair:1)
  5 elephants (Lair:2)
  A gargoyle (D:11)
  Maggie (D:10)
  4 cane toads
  2 rime drakes
  8 komodo dragons
  A troll (D:10)
  5 blink frogs (Lair:2)
  Grinder (D:5)
  A polar bear (Lair:1)
  5 jumping spiders (Lair:2)
  A culicivora (Lair:2)
  5 shadows
  3 wraiths
  31 yaks
  5 wyverns
  3 large abominations (Gauntlet)
  A basilisk (D:11)
  2 steam dragons
  Edmund (D:6)
  3 redbacks (Lair:2)
  4 acid dragons
  6 small abominations (Gauntlet)
  11 water moccasins
  7 orc warriors
  A sky beast (D:7)
  2 black bears
  2 ice beasts
  7 ogres
  5 centaurs
  2 kobold brigands (D:7)
  8 bullfrogs
  3 gnoll sergeants
  5 scorpions
  A water moccasin zombie (Ossuary)
  A wight (Ossuary)
  9 killer bees
  A howler monkey (D:10)
  3 bullfrog zombies (Ossuary)
  2 centaur zombies (Ossuary)
  2 hounds (D:5)
  A human zombie (Ossuary)
  3 jellies
  6 orc priests
  A sleepcap (D:6)
  A scorpion zombie (Ossuary)
  10 orc wizards
  An ogre zombie (Ossuary)
  A mummy (D:10)
  18 gnolls
  11 adders
  2 white imps (D:8)
  6 adder zombies (Ossuary)
  2 worms (D:2)
  5 dart slugs
  41 orcs
  6 ball pythons
  8 bats
  9 endoplasms
  A giant cockroach (D:2)
  6 gnoll zombies (Ossuary)
  11 goblins
  8 hobgoblins
  8 jackals
  15 kobolds
  5 quokkas
  6 frilled lizards
  5 goblin zombies (Ossuary)
  2 hobgoblin zombies (Ossuary)
  2 orc zombies (Ossuary)
  8 rats
391 creatures vanquished.

Vanquished Creatures (others)
  A human (D:7)
  51 fulminant prisms
52 creatures vanquished.

Grand Total: 443 creatures vanquished

Notes
Turn   | Place    | Note
-------+----------+-------------------------------------------
     0 | D:1      | bobo the Deep Elf Air Elementalist began the quest for the
                  | Orb.
     0 | D:1      | Reached XP level 1. HP: 10/10 MP: 6/6
   227 | D:1      | Reached XP level 2. HP: 15/15 MP: 6/8
   230 | D:1      | Learned a level 2 spell: Static Discharge
   473 | D:1      | Found Uwkoq's Antique Armour Emporium.
   688 | D:1      | Reached XP level 3. HP: 17/19 MP: 6/10
  1225 | D:2      | Reached skill level 4 in Spellcasting
  1389 | D:2      | Reached XP level 4. HP: 24/24 MP: 9/12
  1393 | D:2      | Learned a level 3 spell: Swiftness
  1398 | D:2      | Learned a level 4 spell: Airstrike
  1447 | D:2      | Reached skill level 1 in Fighting
  1794 | D:2      | Found a faded altar of an unknown god.
  1993 | D:2      | Identified the +5 ring mail of Lapaz {Regen+ Int+4 Dex+3}
  2341 | D:3      | Found Zulishrie's Antique Armour Shop.
  2417 | D:3      | Reached XP level 5. HP: 29/29 MP: 10/14
  2477 | D:3      | Found a glowing golden altar of the Shining One.
  2884 | D:4      | Reached skill level 5 in Spellcasting
  3163 | D:4      | Found a staircase to the Ecumenical Temple.
  3179 | D:4      | Identified the amulet "Zekuteg" {Faith Str+4 Int+3 Dex+3
                  | SInv}
  3186 | Temple   | Entered the Ecumenical Temple
  3387 | D:4      | Noticed an ogre
  3418 | D:4      | Killed an ogre
  3419 | D:4      | Reached XP level 6. HP: 35/35 MP: 13/16
  3511 | D:4      | Found a shadowy altar of Dithmenos.
  3739 | D:5      | Entered Level 5 of the Dungeon
  3882 | D:5      | Found a sacrificial altar of Ru.
  4027 | D:5      | Reached skill level 6 in Spellcasting
  4043 | D:5      | Reached skill level 5 in Air Magic
  4043 | D:5      | Upgraded the game from 0.31-a0-217-g58bb5d79cf to
                  | 0.31-a0-219-g8d62b2e7bb
  4224 | D:5      | Reached XP level 7. HP: 32/41 MP: 5/18
  4583 | D:5      | Reached skill level 7 in Spellcasting
  4720 | D:5      | Noticed Grinder
  4730 | D:5      | Killed Grinder
  4732 | D:5      | Reached XP level 8. HP: 48/48 MP: 7/21
  4821 | D:5      | Found Luerghou's Jewellery Emporium.
  5044 | D:5      | Found a sparkling altar of Nemelex Xobeh.
  5084 | D:5      | Reached skill level 8 in Spellcasting
  5157 | D:5      | Found an opulent altar of Gozag.
  5687 | D:6      | Found an iron altar of Okawaru.
  5766 | D:6      | Found a stormy altar of Qazlal.
  5768 | D:6      | Noticed an air elemental
  6082 | D:6      | Reached skill level 5 in Fighting
  6175 | D:6      | Noticed Edmund
  6199 | D:6      | Killed Edmund
  6304 | D:6      | Found a shimmering blue altar of Sif Muna.
  6311 | D:6      | Became a worshipper of Sif Muna the Loreminder
  6446 | D:6      | Found an iron altar of Okawaru.
  6449 | D:6      | Found an opulent altar of Gozag.
  6449 | D:6      | Found an ornate altar of the Wu Jian Council.
  6480 | D:6      | Found a hide-covered altar of Uskayaw.
  6480 | D:6      | Found a shimmering altar of Xom.
  6480 | D:6      | Found a bloodstained altar of Trog.
  6584 | D:7      | Found Vakhle's Antique Armour Boutique.
  6589 | D:7      | Bought a pair of embroidered gloves for 262 gold pieces
  6664 | D:7      | Reached XP level 9. HP: 54/54 MP: 14/23
  6777 | D:7      | Reached skill level 1 in Invocations
  7283 | D:6      | Learned a level 2 spell: Blink
  7308 | D:7      | Reached * piety under Sif Muna
  7442 | D:7      | Found Piomn's Jewellery Shoppe.
  7445 | D:7      | Reached skill level 1 in Translocations
  7608 | D:7      | Found a runed translucent gate.
  7609 | D:7      | Found a runed translucent gate.
  7609 | D:7      | Found a runed translucent gate.
  7684 | D:7      | Noticed GoodGuyCap's ghost (novice DsMo)
  7738 | D:7      | Found Ynudeige's Magic Scroll Boutique.
  7741 | D:7      | Bought a scroll of blinking for 90 gold pieces
  7741 | D:7      | Bought a scroll of identify for 24 gold pieces
  8037 | D:7      | Found an ancient bone altar of Kikubaaqudgha.
  8195 | D:8      | Found a sand-covered staircase.
  8199 | Ossuary  | Entered an ossuary
  8207 | Ossuary  | Learned a level 4 spell: Iskenderun's Mystic Blast
  8677 | Ossuary  | Reached ** piety under Sif Muna
  9396 | Ossuary  | Noticed a silent spectre
  9444 | D:8      | Found Buokes's Book Boutique.
  9490 | D:8      | Found Sytoec's Magic Scroll Shoppe.
  9500 | D:8      | Identified the +9 longbow "Oxom" {heavy, rC+ Will+ Str-3
                  | Int+3}
  9652 | D:8      | Found Cax Xeown's General Store.
  9822 | D:8      | Found Wummof's Jewellery Boutique.
  9855 | D:8      | Found Jebouv's Distillery.
 10006 | D:8      | Reached XP level 10. HP: 60/60 MP: 20/24
 10433 | D:8      | Reached skill level 5 in Invocations
 10516 | D:8      | Reached *** piety under Sif Muna
 10764 | D:8      | Found a hazy altar of Hepliaklqana.
 10764 | D:8      | Found a bloodstained altar of Trog.
 10765 | D:8      | Found a radiant altar of Vehumet.
 10795 | D:8      | Found a runed translucent gate.
 10795 | D:8      | Found a runed translucent gate.
 10795 | D:8      | Found a runed translucent gate.
 10800 | D:8      | Noticed Moral's ghost (novice MiMo)
 10846 | D:9      | Learned a level 4 spell: Fulminant Prism
 10861 | D:9      | Reached skill level 5 in Conjurations
 10861 | D:9      | Reached skill level 1 in Hexes
 10990 | D:9      | Reached skill level 1 in Staves
 11309 | D:9      | Identified the +8 dagger of Blood-Lust {freeze, *Noise
                  | rPois rF+ Str+4}
 11628 | D:9      | Found a runed translucent door.
 11629 | D:9      | Identified the +8 trident of Ofablimm {drain, Fly Will+}
 11630 | D:9      | Noticed gelatine's ghost (journeyman DsCj)
 11741 | D:9      | Noticed a two-headed ogre
 11754 | D:9      | Killed a two-headed ogre
 12079 | D:10     | Entered Level 10 of the Dungeon
 12088 | D:10     | Learned a level 4 spell: Olgreb's Toxic Radiance
 12268 | D:10     | Found an ornate altar of the Wu Jian Council.
 12276 | D:10     | Noticed Maggie
 12337 | D:10     | Killed Maggie
 12676 | D:10     | Found a glowing silver altar of Zin.
 12732 | D:10     | Reached **** piety under Sif Muna
 12733 | D:10     | Reached XP level 11. HP: 67/67 MP: 8/25
 12902 | D:10     | Reached skill level 9 in Spellcasting
 12908 | D:10     | Reached skill level 5 in Hexes
 13076 | D:10     | Found a staircase to the Orcish Mines.
 13112 | D:10     | Found a snail-covered altar of Cheibriados.
 13274 | D:10     | Learned a level 5 spell: Lee's Rapid Deconstruction
 13356 | D:11     | Noticed Sonja
 13358 | D:11     | Killed Sonja
 13359 | D:11     | Reached skill level 1 in Poison Magic
 13450 | D:11     | Reached skill level 10 in Spellcasting
 13492 | D:11     | Noticed a shining eye
 13687 | D:11     | Found a portal to a secret trove of treasure.
 13688 | D:11     | Noticed a two-headed ogre
 13694 | D:11     | Killed a two-headed ogre
 13820 | D:11     | Found a staircase to the Lair.
 13824 | D:11     | Noticed a death drake
 13829 | Lair:1   | Entered Level 1 of the Lair of Beasts
 13998 | Lair:1   | Reached skill level 1 in Earth Magic
 14193 | Lair:1   | Reached XP level 12. HP: 51/75 MP: 21/28
 15241 | Lair:2   | Noticed a six-headed hydra
 15275 | Lair:2   | Reached skill level 11 in Spellcasting
 15557 | Lair:2   | Noticed an eight-headed hydra
 15565 | Lair:2   | Killed an eight-headed hydra
 15588 | Lair:2   | Reached skill level 5 in Earth Magic
 15738 | Lair:2   | Killed a six-headed hydra
 15768 | Lair:2   | Reached skill level 12 in Spellcasting
 16295 | Lair:2   | Found a hole to the Spider Nest.
 16646 | Lair:2   | Reached skill level 10 in Fighting
 17198 | Lair:3   | Identified the +0 short sword "Jemebb" {chaos, Str+4}
 17262 | Lair:3   | Noticed a catoblepas
 17276 | Lair:3   | Killed a catoblepas
 17350 | Lair:3   | Reached XP level 13. HP: 82/82 MP: 14/31
 17376 | Lair:3   | Found a gate leading to a gauntlet.
 17393 | Gauntlet | Entered a Gauntlet
 17393 | Gauntlet | Found a transporter.
 17395 | Gauntlet | Found a runed translucent door.
 17396 | Gauntlet | Found a transporter.
 17397 | Gauntlet | Found a transporter.
 17401 | Gauntlet | Found a transporter.
 17402 | Gauntlet | Found a transporter.
 17408 | Gauntlet | Found a runed translucent door.
 17415 | Gauntlet | Found a transporter.
 17418 | Gauntlet | Found a transporter.
 17437 | Gauntlet | Found a transporter.
 17439 | Gauntlet | Found a transporter.
 17442 | Gauntlet | Found a transporter.
 17443 | Gauntlet | Found a transporter.
 17451 | Gauntlet | Found a transporter.
 17580 | Gauntlet | Identified the ring "Jeaham" {Ice rElec rPois Int+5}
 17732 | Gauntlet | Identified the ring "Afrareru" {rF+ Int+5 Dex+3}
 17785 | Gauntlet | Noticed a minotaur
 17793 | Gauntlet | HP: 2/83 [minotaur/+2 mace of protection (28)]
 17793 | Gauntlet | Slain by a minotaur

Illustrated notes

Levels and vault maps discovered:
D:1:      spicycebolla_green_bress_n_ham_2, layout_loops_ring, serial_shops,
          nicolae_shop_window_shopping, minmay_quantized
D:2:      cheibrodos_old_hovel, layout_basic, ebering_ecumenical_altar_webs,
          minmay_tetromino_s2
D:3:      layout_rooms, lemuel_tele_altar, serial_shops,
          nicolae_shop_overgrown_old_shop, minmay_misc_feat_five
D:4:      layout_rooms, nicolae_dithmenos_shadow_blocks, temple_fountains,
          moated_statue, minmay_ruptured
D:5:      layout_basic, grunt_gozag_statues, nemelex_dance_club_becter,
          nicolae_ru_great_annihilating_truth, serial_shops, shop,
          hangedman_decor_diamond_cutter, uniq_grinder
D:6:      layout_basic, nicolae_qazlal_style_of_elements, doesnt_xom_only_xom,
          mainiacjoe_overflow_alcove_2, mainiacjoe_overflow_tiny_flanked,
          serial_glass, glass_columns_b, glass_columns_a, due_unseen_surprise,
          item_on_display_a, uniq_edmund
D:7:      layout_gridville, tgw_kikubaaqudgha, gammafunk_ghost_necromancy,
          serial_shops, nicolae_shop_rolled_up, nicolae_diamond_shop, shop
D:8:      layout_basic, gammafunk_temple_overflow_claw,
          ebering_ghost_rock_garden, enter_ossuary_5, special_room
          [special_room_orc], serial_shops, shop, nicolae_shop_back_alley_shop,
          nicolae_shop_behind_doors, nicolae_shop_crystal,
          nicolae_shop_hallway_plus, minmay_door_square
D:9:      layout_roguey, ebering_ghost_funeral_grove,
          minmay_misc_feat_more_columns
D:10:     layout_cave_pools, slow_altar_2, mainiacjoe_overflow_brackets,
          zin_scriptorium, orc_0_dummy, uniq_maggie
D:11:     minmay_the_grid_triangle_9x9_rhombus_thin
          [minmay_the_grid_triangle_9x9_subtriangle,
          minmay_the_grid_triangle_9x9_prize_schism,
          minmay_the_grid_triangle_9x9_empty,
          minmay_the_grid_triangle_9x9_warning], layout_gridville,
          minmay_lair_entry_grove, nicolae_trove_entry_free_sample,
          nicolae_uskayaw_dance_hall, uniq_sonja
Temple:   hellmonk_temple_two_chambers
Lair:1:   layout_roguey, minivault_19, pdpol_lair_neglected_garden,
          beast_lair_carwin_1, grunt_megastairs_4, serial_bayou_shore_b
Lair:2:   layout_roguey, nicolae_spider_entry_tight_spaces, grunt_megastairs_2,
          lemuel_fruit_tree
Lair:3:   layout_cave_shapes, swamp_mist_pool, gauntlet_entry_generic,
          gammafunk_ghost_arena, kennysheep_snail_temple
Gauntlet: minmay_gauntlet_mixed_oops_all_seconds
          [minmay_gauntlet_arena_77_cramped, gammafunk_gauntlet_arena_spirals,
          minmay_gauntlet_arena_77_two_paths, nicolae_gauntlet_arena_blocks,
          minmay_gauntlet_arena_77_double_cross, nicolae_gauntlet_swirl,
          gauntlet_exit_hidden_loot]

Skill      XL: |  1  2  3  4  5  6  7  8  9 10 11 12 13 |
---------------+----------------------------------------+-----
Conjurations   | 2 4 6 |  6.6
Spellcasting   | 4 5 6 7 8 10 12 | 12.0
Fighting       | 1 2 3 4 5 6 7 8 10 | 10.4
Air Magic      | 4 5 6 7 |  7.8
Stealth        | 4 |  4.0
Dodging        | 4 |  4.9
Invocations    | 4 6 8 9 |  9.0
Translocations | 3 4 |  4.3
Hexes          | 4 5 |  5.0
Staves         | 1 |  1.1
Poison Magic   | 4 |  4.1
Earth Magic    | 2 7 8 |  8.0

Action                     |  1- 3 |  4- 6 |  7- 9 | 10-12 | 13-15 || total
---------------------------+-------+-------+-------+-------+-------++-------
  Melee: Dagger            |    15 |     1 |     7 |       |       ||    23
         Punch             |       |       |     1 |       |       ||     1
         Staff             |       |       |       |     3 |       ||     3
   Cast: Shock             |    60 |   137 |   114 |   107 |     5 ||   423
         Static Discharge  |     9 |     6 |    16 |     5 |       ||    36
         Airstrike         |       |     4 |   103 |   134 |     3 ||   244
         Swiftness         |       |       |     5 |     3 |       ||     8
         Fulminant Prism   |       |       |       |    49 |     2 ||    51
         Blink             |       |       |       |     6 |       ||     6
         Iskenderun's Myst |       |       |       |    33 |     6 ||    39
         Lee's Rapid Decon |       |       |       |    32 |    21 ||    53
         Olgreb's Toxic Ra |       |       |       |     4 |       ||     4
 Invoke: Channel Magic     |       |       |     2 |    16 |     3 ||    21
         Divine Exegesis   |       |       |       |     1 |       ||     1
  Evoke: Wand              |       |     3 |     8 |     1 |       ||    12
    Use: Scroll            |       |       |     7 |     9 |     3 ||    19
   Stab: Sleeping          |     1 |       |     1 |       |       ||     2
 Armour: Robe              |     8 |     8 |    13 |     1 |       ||    30
         Steam dragon scal |       |       |       |    10 |     3 ||    13
  Dodge: Dodged            |    15 |     8 |    36 |    48 |     1 ||   108

Table legend: (Time is in decaauts)
 A = Elapsed time spent in this place.
 B = Non-inter-level travel time spent in this place.
 C = Inter-level travel time spent in this place.
 D = Time resting spent in this place.
 E = Time spent auto-exploring this place.
 F = Levels seen in this place.
 G = Mean time per level.
                   A        B        C        D        E       F      G
               +--------+--------+--------+--------+--------+-----+--------+
         Total |  17760 |  17146 |    614 |   2410 |  11927 |  17 | 1044.7 |
       Dungeon |  12541 |  12092 |    449 |    991 |   9221 |  11 | 1140.1 |
        Temple |     27 |     23 |      4 |      0 |     21 |   1 |   27.0 |
          Lair |   3565 |   3404 |    161 |    551 |   2448 |   3 | 1188.3 |
       Ossuary |   1228 |   1228 |      0 |    725 |    237 |   1 | 1228.0 |
      Gauntlet |    397 |    397 |      0 |    143 |      0 |   1 |  397.0 |
               +--------+--------+--------+--------+--------+-----+--------+

Top non-repeatable levels by time:
     D:5: 1920 daAuts
  Lair:1: 1792 daAuts
     D:7: 1580 daAuts
  Lair:2: 1573 daAuts
     D:8: 1421 daAuts
     D:9: 1291 daAuts
    D:10: 1241 daAuts
 Ossuary: 1228 daAuts
     D:1: 1215 daAuts
     D:6: 997 daAuts
     D:4: 906 daAuts
     D:2: 886 daAuts
     D:3: 705 daAuts
Gauntlet: 397 daAuts
    D:11: 374 daAuts
